Map: Void Thrashing

Players

NamroodTuo

  • Race: Terran Terran
  • Spawn Location: 6:00

Николай

  • Race: Terran Terran

VOD

Have the link to the VOD?

Description

Time

  • Played on: Feb. 10, 2023, 4:11 a.m.
  • Length: 21:13
Show
View Real Time Build Order
Export as new Build Order

NamroodTuo Terran 

Build Orders:  

Get SALT Encoding   

  12  0:04  SCV  
  13  0:17  SCV  
  14  0:31  SCV  
  14  0:37  Supply Depot  
  15  0:48  SCV  
  16  1:01  SCV  
  17  1:15  SCV  
  18  1:20  Supply Depot  
  18  1:29  SCV  
  19  1:42  SCV  
  20  1:56  SCV, Factory  
  21  2:09  SCV  
  21  2:17  Refinery  
  22  2:21  Refinery  
  22  2:23  SCV  
  23  2:30  Perdition Turret  
  23  2:32  Perdition Turret  
  23  2:36  SCV  
  24  2:50  SCV  
  24  2:52  Perdition Turret  
  25  3:03  SCV  
  26  3:17  SCV  
  26  3:19  Perdition Turret  
  27  3:31  SCV  
  27  3:32  Perdition Turret  
  28  3:41  Supply Depot  
  28  3:44  SCV, Perdition Turret  
  29  3:58  SCV  
  30  4:11  SCV  
  31  4:25  SCV  
  32  5:17  Perdition Turret  
  32  5:19  Perdition Turret x2  
  31  5:52  Armory  
  31  5:54  SCV  
  32  6:07  Command Center  
  32  6:08  SCV  
  33  6:14  Factory Tech Reactor  
  33  6:21  SCV  
  33  6:29  Factory  
  34  6:35  SCV  
  34  6:36  Engineering Bay  
  34  6:38  Advanced Optics  
  35  6:48  SCV  
  36  7:08  Spinning Dizzy  
  36  7:10  Spinning Dizzy  
  36  7:25  Devastation Turret  
  36  7:37  Perdition Turret  
  36  7:38  Devastation Turret  
  36  7:39  SCV  
  37  7:52  SCV  
  37  7:55  SCV  
  39  8:02  Perdition Turret  
  39  8:04  Supply Depot  
  39  8:06  SCV  
  39  8:08  SCV  
  41  8:19  SCV  
  41  8:21  Upgrade Laser Drill Level 1  
  41  8:22  SCV  
  41  8:23  Supply Depot  
  43  8:38  Regenerative Bio-Steel  
  43  8:39  Supply Depot  
  43  8:40  Factory Tech Reactor  
  43  8:43  330mm Barrage Cannon  
  43  8:51  Perdition Turret x2  
  43  8:52  Perdition Turret  
  43  8:54  Perdition Turret x3  
  43  8:55  Perdition Turret  
  43  8:56  Perdition Turret  
  43  8:57  Supply Depot  
  43  9:08  Thor  
  49  9:15  SCV  
  50  9:28  SCV  
  51  9:42  SCV  
  51  9:43  SCV  
  53  9:50  Starport  
  53  9:54  Starport  
  53  9:55  SCV  
  53  9:56  SCV  
  55  10:05  Factory  
  55  10:08  Terran Vehicle and Ship Weapons Level 1  
  55  10:09  SCV  
  56  10:26  SCV  
  57  10:34  Refinery  
  57  10:37  Refinery  
  57  10:39  SCV  
  58  10:53  SCV  
  59  11:06  SCV  
  60  11:20  SCV, Thor x2  
  60  11:25  Starport Tech Reactor  
  60  11:27  Starport Tech Reactor  
  73  11:33  SCV  
  74  11:42  Fire-Suppression Systems  
  74  11:47  SCV  
  75  12:01  SCV  
  76  12:37  Thor  
  82  12:41  Factory Tech Reactor  
  82  12:42  Hi-Sec Auto Tracking  
  82  12:43  Science Vessel x2  
  82  12:48  Terran Vehicle And Ship Armor Level 1  
  86  12:51  Supply Depot  
  86  13:08  Science Vessel, Thor  
  94  13:11  Supply Depot  
  94  13:26  Science Vessel  
  94  13:28  Supply Depot  
  96  13:42  Structure Armor  
  96  13:44  Supply Depot  
  96  14:19  Thor x3  
  114  14:42  KMC Auto-Loaders, Perdition Turret  
  114  14:43  Perdition Turret x2  
  114  14:49  Perdition Turret  
  114  14:51  Perdition Turret x2  
  114  14:53  Perdition Turret x2  
  114  15:04  Perdition Turret x2  
  114  15:18  Upgrade Laser Drill Level 2  
  114  15:31  Thor x2  
  114  15:38  Thor  
  114  15:44  Thor  
  114  15:49  Thor  
  114  15:59  Terran Vehicle and Ship Weapons Level 2  
  114  16:00  Thor  
  108  16:19  Thor  
  118  16:21  Thor  
  112  16:30  Thor  
  116  16:45  Supply Depot  
  116  16:47  Supply Depot  
  116  17:05  Thor  
  116  17:08  Supply Depot  
  122  17:13  Thor x2  
  122  17:14  Supply Depot  
  134  17:30  Thor  
  134  17:33  Supply Depot  
  140  17:40  Thor  
  140  17:43  Supply Depot  
  146  17:56  Thor x2  
  158  18:01  Supply Depot  
  158  18:08  Thor  
  164  18:20  Thor  
  170  18:33  Supply Depot  
  170  18:48  Thor  
  176  18:54  Supply Depot  
  158  19:45  Thor x4  
  158  19:46  Thor x2  
  188  19:57  Thor  
  170  20:42  Perdition Turret  
  170  20:43  Perdition Turret  
  170  20:44  Perdition Turret x2  
  170  20:49  Perdition Turret x3  
  146  20:50  Perdition Turret  
  146  20:52  Perdition Turret  
Show
View Real Time Build Order
Export as new Build Order

Николай Terran 

Build Orders:  

Get SALT Encoding   

  12  0:13  SCV  
  13  0:22  SCV  
  14  0:30  SCV  
  15  0:40  Supply Bunker  
  15  0:47  Refinery  
  15  0:55  Refinery  
  15  1:22  SCV  
  15  1:29  SCV  
  16  1:37  SCV  
  18  1:45  SCV  
  19  1:53  SCV  
  19  1:54  Supply Bunker  
  20  2:01  SCV  
  20  2:09  SCV  
  22  2:17  SCV  
  23  2:25  SCV  
  24  2:33  SCV  
  24  2:37  Barracks  
  25  2:41  SCV  
  25  2:49  SCV  
  27  2:57  SCV  
  28  3:05  SCV  
  28  3:08  Engineering Bay  
  29  3:12  Supply Bunker  
  29  3:42  Supply Bunker  
  29  3:54  Factory  
  29  4:29  Orbital Trooper Pods  
  29  4:33  SCV  
  30  4:45  Starport  
  30  4:47  Starport  
  30  5:05  Engineering Bay  
  36  5:12  Supply Bunker, Dominion Trooper x6  
  36  5:19  Supply Bunker, Dominion Trooper x6  
  36  6:03  Ghost Academy  
  36  6:05  Fusion Core  
  36  6:11  Armory  
  36  6:46  Supply Bunker  
  36  6:58  Terran Infantry Weapons Level 1  
  36  6:59  Terran Infantry Armor Level 1  
  36  7:03  Incapacitator Shells  
  36  7:07  Supply Bunker  
  36  7:12  Amplified Airwaves  
  36  7:15  Supply Bunker  
  36  7:19  Supply Bunker  
  36  7:29  Supply Bunker  
  36  7:39  Supply Bunker  
  36  7:43  Supply Bunker  
  42  7:51  SCV x4  
  42  7:52  SCV x7, Supply Bunker x2, Dominion Trooper x6  
  42  8:00  SCV  
  42  8:02  Supply Bunker  
  42  8:06  Supply Bunker  
  42  8:12  Command Center, Dual Resuscitators  
  42  8:15  Refinery  
  42  8:20  Refinery  
  42  8:27  SCV  
  43  8:35  SCV  
  44  8:42  Dominion Trooper  
  44  8:43  SCV, Dominion Trooper x2  
  45  8:51  SCV  
  45  8:59  SCV  
  47  9:03  Imperial Witness x2  
  47  9:07  SCV  
  52  9:12  Scatter Veil  
  52  9:15  SCV  
  53  9:23  SCV  
  54  9:33  Medivac, Imperial Witness  
  54  9:35  SCV  
  54  9:36  SCV  
  54  9:39  Neosteel Armor  
  60  9:43  SCV  
  60  9:44  SCV  
  62  9:54  Medivac  
  62  9:59  Dominion Trooper  
  67  10:00  Dominion Trooper  
  67  10:03  Medivac  
  67  10:07  Dominion Trooper  
  67  10:08  Dominion Trooper, Imperial Witness  
  72  10:14  Medivac  
  72  10:15  Dominion Trooper x2  
  76  10:23  Dominion Trooper x2  
  76  10:29  Marauder  
  84  10:31  Dominion Trooper x2  
  84  10:39  Dominion Trooper x2  
  88  10:47  Dominion Trooper x2  
  88  10:48  Supply Bunker, Dominion Trooper x6  
  96  10:55  Dominion Trooper x2  
  96  10:59  Marauder  
  104  11:03  Dominion Trooper x2  
  104  11:06  Imperial Witness  
  106  11:11  Dominion Trooper x2  
  106  11:19  Dominion Trooper x2  
  108  11:27  Dominion Trooper x2  
  103  11:57  Dominion Trooper  
  103  11:58  Dominion Trooper  
  106  12:05  Dominion Trooper  
  106  12:06  Dominion Trooper  
  108  12:13  Dominion Trooper  
  108  12:14  Dominion Trooper  
  110  12:21  Dominion Trooper  
  110  12:22  Dominion Trooper  
  110  12:29  Dominion Trooper x2  
  102  12:37  Dominion Trooper x2  
  99  12:45  Dominion Trooper x2  
  100  12:53  Dominion Trooper x2  
  100  14:09  Viking x2  
  94  14:51  Viking x2  
  101  15:33  Viking x2  
  73  17:33  Viking x2  
Tags
 
Commander
MengskSwann
Matchup
Co-op
Replay Pack
Multiplayer
Add a new tag
Caveats
  • Supply blocks, unpowered buildings, or Contaminate may cause inaccurate times.
  • Supply counts are checked every 10 seconds.